 Dungeon Crawl Stone Soup version 0.17.0-28-g6e173f8 (webtiles) character file.

7901 4thArraOfDagon the Martial Artist (level 11, -8/58 HPs)
             Began as a Vine Stalker Warper on Nov 24, 2015.
             Was an Elder of Cheibriados.
             Mangled by an ice dragon (9 damage)
             ... in an ice cave.
             The game lasted 00:22:42 (3432 turns).

4thArraOfDagon the Martial Artist (VSWr)            Turns: 3432, Time: 00:22:43

Health: -8/58      AC:  4    Str: 27    XL:     11   Next: 22%
Magic:  0/16       EV: 18    Int: 24    God:    Cheibriados [****..]
Gold:   393        SH:  0    Dex: 27    Spells: 3 memorised, 7 levels left

rFire  + . .     SeeInvis .       - Unarmed
rCold  + . .     Clarity  .     s - +0 leather armour "Yxkuviun" {rF+ rC+ Str+4}
rNeg   . . .     SustAt   +     (no shield)
rPois  .         Gourm    .     (no helmet)
rElec  .         Spirit   +     (no cloak)
rCorr  .         Warding  .     d - +0 pair of gloves
rMut   .         Stasis   .     (no boots)
MR     +....                    (no amulet)
Stlth  ++........               (no ring)
                                l - ring of sustain attributes

@: very slightly contaminated, hasted, slow, somewhat resistant to hostile
enchantments, unstealthy
A: fangs 3, regeneration 2, magic shield, antimagic bite, no device heal 3, rot
immunity
a: Bend Time, Temporal Distortion, Slouch, Renounce Religion


You were in an ice cave.
You worshipped Cheibriados.
Cheibriados was greatly pleased with you.
You were not hungry.

You visited 2 branches of the dungeon, and saw 13 of its levels.
You also visited: Ice Cave.

You collected 393 gold pieces.

Inventory:

Missiles
 p - 2 curare-tipped needles
Armour
 d - a +0 pair of gloves (worn)
 s - the +0 leather armour "Yxkuviun" (worn) {rF+ rC+ Str+4}
   (You found it on level 6 of the Dungeon)

   It affects your strength (+4).
   It protects you from fire.
   It protects you from cold.
Jewellery
 l - a ring of sustain attributes (left hand)
Wands
 w - a wand of polymorph (8)
Scrolls
 a - a scroll of enchant weapon
 c - a scroll of blinking
 f - a scroll of random uselessness {unknown}
 h - a scroll of recharging
 u - a scroll of vulnerability
 v - a scroll of remove curse
Potions
 g - 2 potions of curing
 j - 4 potions of agility {unknown}
 m - 3 potions of magic
 o - a potion of flight
 z - a potion of brilliance {unknown}
 A - a potion of berserk rage {unknown}
 B - a potion of resistance {unknown}
Books
 b - a book of Spatial Translocations

   Spells                             Type                      Level
   a - Apportation                    Translocation                1
   b - Blink                          Translocation                2
   c - Shroud of Golubria             Charms/Translocation         2
   d - Portal Projectile              Translocation                3
   e - Teleport Other                 Translocation                3
   f - Passage of Golubria            Translocation                4
 y - a Grand Grimoire

   Spells                             Type                      Level
   a - Monstrous Menagerie            Summoning                    6
   b - Summon Greater Demon           Summoning                    7
   c - Malign Gateway                 Summoning/Translocation      7
   d - Summon Horrible Things         Summoning                    8
Comestibles
 e - 3 bread rations
 i - 3 meat rations


   Skills:
 + Level 6.6 Fighting
 - Level 0.8 Throwing
 - Level 0.7 Armour
 + Level 6.1 Dodging
 * Level 10.7 Unarmed Combat
 - Level 2.1 Spellcasting
 - Level 5.5 Translocations
 + Level 6.5 Invocations
 - Level 3.1 Evocations


You had 7 spell levels left.
You knew the following spells:

 Your Spells              Type           Power        Failure   Level  Hunger
a - Apportation           Tloc           ####......   1%          1    None
b - Blink                 Tloc           N/A          1%          2    ##.....
c - Passage of Golubria   Tloc           N/A          14%         4    ####...


Dungeon Overview and Level Annotations

Branches:
Dungeon (12/15)            Temple (1/1) D:4
   Lair: D:8-11         Orc: D:9-12

Altars:
Ashenzari
Cheibriados
Elyvilon
Fedhas
Gozag
Kikubaaqudgha
Makhleb
Okawaru
Qazlal
Sif Muna
Trog
Vehumet
Xom
Yredelemnul
The Shining One

Annotations:
D:4 Grinder
D:7 Prince Ribbit


Innate Abilities, Weirdness & Mutations

You have razor-sharp teeth.
You heal very quickly.
When hurt, damage is shared between your health and your magic reserves.
Your bite disrupts and absorbs the magic of your enemies.
Potions and wands cannot restore your health.
You are immune to rotting.


Message History

The ice dragon tramples you!
* * * LOW HITPOINT WARNING * * *
You hold your ground!
The ice dragon closely misses you. The ice dragon closely misses you.
The ice dragon completely misses you.
Unknown command.
Unknown command.
You hit the ice dragon but do no damage.
You bite the ice dragon. You drain its power.
You feel invigorated.
The ice dragon is severely wounded.
Unknown command.
Unknown command.
Unknown command.
You punch the ice dragon! Your bite misses the ice dragon.
The ice dragon is almost dead.
The ice dragon closely misses you. The ice dragon claws you!
* * * LOW HITPOINT WARNING * * *
The ice dragon closely misses you.
The ice dragon bites you but does no damage.
The ice dragon claws you!
You die...

..=$##
#....$#
.....$#
.D...$#
##..D.$
#....
#..# #D##
#D@##
#...#
#..#####
##.#...##
#...#..#
#..##.##
##.#..#
###.###
#...##


You could see 2 ice dragons.

Vanquished Creatures
  An unseen horror (D:11)
  A hill giant (D:12)
  An ugly thing (D:12)
  A cyclops (D:12)
  2 ice statues (IceCv)
  A two-headed ogre (D:11)
  A deep elf mage (D:12)
  2 yaks (D:12)
  A hungry ghost (D:8)
  A wyvern (D:12)
  3 wolves (D:12)
  5 orc warriors (D:12)
  17 ice beasts
  The ghost of Amon001 the Skirmisher, an amateur DsAK of Lugonu (D:3)
  2 ogres
  7 centaurs
  2 giant frogs (D:6)
  A wyvern zombie (D:6)
  5 scorpions
  A killer bee (D:11)
  2 centaur zombies
  6 orc priests
  4 crimson imps
  3 hounds
  6 orc wizards
  4 worker ants
  4 iguanas
  A worker ant zombie (D:5)
  A gnoll (D:6)
  14 white imps (D:12)
  A shadow imp (D:5)
  7 adders
  A worm (D:2)
  A giant gecko (D:4)
  18 orcs
  4 bats
  2 giant cockroaches
  2 hobgoblins (D:3)
  2 jackals (D:2)
  5 kobolds
  5 quokkas
  A ball python (D:4)
  3 giant newts
  8 goblins
  A jackal skeleton (D:5)
  5 rats
167 creatures vanquished.

Notes
Turn   | Place    | Note
--------------------------------------------------------------
     0 | D:1      | 4thArraOfDagon the Vine Stalker Warper began the quest for the Orb.
     0 | D:1      | Reached XP level 1. HP: 11/11 MP: 4/4
    18 | D:2      | Found a faded altar to an unknown god.
    79 | D:2      | Reached XP level 2. HP: 15/15 MP: 6/6
   260 | D:3      | Reached XP level 3. HP: 16/18 MP: 7/7
   370 | D:2      | Reached XP level 4. HP: 23/23 MP: 8/8
   472 | D:5      | Entered Level 5 of the Dungeon
   538 | D:5      | Reached skill level 4 in Unarmed Combat
   568 | D:5      | Reached XP level 5. HP: 15/26 MP: 6/9
   582 | D:5      | Found a shimmering altar of Xom.
   583 | D:5      | Noticed an ice beast
   636 | D:5      | Found a blossoming altar of Fedhas.
   637 | D:5      | Found an iron altar of Okawaru.
   638 | D:5      | Found a shattered altar of Ashenzari.
   638 | D:5      | Found a burning altar of Makhleb.
   643 | D:5      | Found a white marble altar of Elyvilon.
   683 | D:4      | Learned a level 2 spell: Blink
   688 | D:4      | Learned a level 4 spell: Passage of Golubria
   743 | D:4      | Reached skill level 5 in Unarmed Combat
   767 | D:4      | Found a stormy altar of Qazlal.
   796 | D:4      | Found a staircase to the Ecumenical Temple.
   806 | Temple   | Entered the Ecumenical Temple
   862 | Temple   | Became a worshipper of Cheibriados the Contemplative
   878 | Temple   | Gained mutation: You have a pair of small horns on your head. [potion of beneficial mutation]
  1036 | D:3      | Gained mutation: You heal very quickly. [Vine Stalker growth]
  1036 | D:3      | Reached XP level 6. HP: 22/31 MP: 10/10
  1052 | D:3      | Reached skill level 1 in Invocations
  1173 | D:2      | Found a glowing golden altar of the Shining One.
  1253 | D:1      | Reached * piety under Cheibriados
  1348 | D:3      | Noticed Amon001's ghost (amateur DsAK)
  1370 | D:3      | Killed Amon001's ghost
  1409 | D:4      | Noticed Grinder
  1429 | D:5      | Reached XP level 7. HP: 26/35 MP: 11/11
  1528 | D:6      | Reached skill level 6 in Unarmed Combat
  1552 | D:6      | Found a basalt altar of Yredelemnul.
  1570 | D:6      | Found an opulent altar of Gozag.
  1617 | D:6      | Got a heavily runed leather armour
  1666 | D:7      | Identified the +0 leather armour "Yxkuviun" {rF+ rC+ Str+4} (You found it on level 6 of the Dungeon)
  1667 | D:7      | Noticed Prince Ribbit
  1805 | D:5      | Reached ** piety under Cheibriados
  1920 | D:6      | Gained mutation: You have razor-sharp teeth. [Vine Stalker growth]
  1920 | D:6      | Reached XP level 8. HP: 40/40 MP: 12/12
  2102 | D:7      | Reached skill level 7 in Unarmed Combat
  2117 | D:7      | Reached skill level 1 in Evocations
  2319 | D:10     | Entered Level 10 of the Dungeon
  2459 | D:11     | Noticed a two-headed ogre
  2467 | D:11     | Killed a two-headed ogre
  2467 | D:11     | Reached XP level 9. HP: 4/46 MP: 6/13
  2536 | D:11     | Killed an unseen horror
  2536 | D:11     | Reached skill level 8 in Unarmed Combat
  2776 | D:11     | Reached *** piety under Cheibriados
  2839 | D:11     | Reached skill level 5 in Translocations
  2855 | D:11     | Noticed a cyclops
  2953 | D:11     | Reached skill level 5 in Fighting
  2998 | D:12     | Noticed a purple ugly thing
  3024 | D:12     | Killed a purple ugly thing
  3024 | D:12     | Reached skill level 9 in Unarmed Combat
  3024 | D:12     | Reached XP level 10. HP: 51/51 MP: 12/14
  3069 | D:12     | Reached skill level 5 in Invocations
  3154 | D:12     | Noticed a cyclops
  3155 | D:12     | Killed a cyclops
  3155 | D:12     | Reached skill level 5 in Dodging
  3159 | D:12     | Noticed a hill giant
  3164 | D:12     | Reached **** piety under Cheibriados
  3172 | D:12     | Killed a hill giant
  3201 | D:12     | Reached skill level 10 in Unarmed Combat
  3252 | D:12     | Found a frozen archway.
  3261 | IceCv    | Entered an ice cave
  3296 | IceCv    | Reached XP level 11. HP: 53/57 MP: 13/16
  3351 | IceCv    | Noticed an ice statue
  3351 | IceCv    | Noticed an ice statue
  3357 | IceCv    | Killed an ice statue
  3372 | IceCv    | Killed an ice statue
  3418 | IceCv    | Noticed an ice dragon
  3418 | IceCv    | Noticed an ice dragon
  3421 | IceCv    | Lost mutation: You have a pair of small horns on your head. [potion of cure mutation]
  3430 | IceCv    | HP: 2/58 [ice dragon (7)]
  3432 | IceCv    | Mangled by an ice dragon

Action                   |  1- 3 |  4- 6 |  7- 9 | 10-12 || total
-------------------------+-------+-------+-------+-------++-------
Melee: Unarmed           |   119 |   155 |   167 |   160 ||   601
Throw: Tomahawk          |       |     5 |       |       ||     5
Invok: Slouch            |       |       |       |     2 ||     2
       Temporal Distorti |       |       |       |     1 ||     1
Evoke: Wand              |       |       |     3 |     1 ||     4
  Use: Scroll            |       |    11 |    10 |     2 ||    23
       Potion            |       |     1 |     1 |     4 ||     6
 Stab: Sleeping          |       |       |     3 |       ||     3
  Eat: Chunk             |       |     2 |     1 |       ||     3
       Bread ration      |       |       |     1 |       ||     1
       Beef jerky        |       |       |     1 |     1 ||     2
       Fruit             |       |       |       |     1 ||     1
       Pizza             |       |       |       |     2 ||     2
